AoeStats
← Elchuekin

Nomad

503530652Analyzed
2v2 RM · 2mo ago on Sep 1, 2026· 44m 0s· 4 players
Game mode
Random Map
Map size
176×176
Population
200
Speed
Normal
Resources
Standard
Victory
Conquest
Starting age
Dark Age
Ending age
Imperial Age
RankedLock teamsTeams togetherTeam positionsShared explorationLock speedFull tech treeHidden civsTurbo modeCheats
Victory
Defeat
🇦🇷 Ethiopians · Argentina
1030
+16
🇦🇷 Japanese · Argentina
1005
+17
vs
🇨🇱 Japanese · Chile
1037
-34
🇨🇱 Franks · Chile
1011
-16
Elchuekin
4:28 Loom
5:12 Loom
13:15 Feudal Age
14:28 Double-Bit Axe
16:59 Fletching
17:48 Padded Archer Armor
24:26 Castle Age
25:05 Bodkin Arrow
24:52 Crossbowman
26:49 Thumb Ring
28:36 Leather Archer Armor
32:23 Wheelbarrow
32:12 Bow Saw
35:13 Ballistics
35:59 Town Watch
42:10 Imperial Age
41:50 Hand Cart
41:18 Horse Collar
42:48 Town Patrol
42:54 Bracer
42:35 Arbalester
shadow++
4:20 Loom
14:51 Feudal Age
19:04 Castle Age
18:53 Double-Bit Axe
33:07 Imperial Age
31:02 Bow Saw
30:34 Horse Collar
33:12 Scale Mail Armor
33:13 Capped Ram
34:46 Conscription
35:03 Chain Mail Armor
34:59 Forging
36:05 Wheelbarrow
35:16 Town Watch
37:17 Two-Man Saw
37:15 Squires
40:21 Hand Cart
nachingg
12:59 Loom
16:20 Feudal Age
23:35 Castle Age
21:32 Gold Mining
21:30 Double-Bit Axe
22:46 Fishing Lines
27:37 Wheelbarrow
26:47 Town Watch
27:49 Padded Archer Armor
27:40 Fletching
29:38 Gold Shaft Mining
30:01 Stone Mining
31:41 Leather Archer Armor
34:34 Imperial Age
34:26 Ballistics
35:49 Heavy Cavalry Archer
37:17 Bodkin Arrow
40:13 Ring Archer Armor
40:33 Conscription
40:01 Elite Skirmisher
bastygg
16:25 Feudal Age
17:52 Wheelbarrow
22:43 Double-Bit Axe
28:27 Castle Age
30:09 Husbandry
30:32 Scale Barding Armor
36:18 Hand Cart
Connection lost

Rejoining the realm…

Still unreachable

The connection could not be restored.

Session expired

The server has moved on; the page needs a fresh start.